 Dungeon Crawl Stone Soup version 0.27-a0-1200-g94dc6ad4cf (webtiles) character file.

Game seed: 4552406928775149719

319 Delamore the Cudgeller (level 6, -2/40 HPs)
             Began as a Gargoyle Fighter on May 29, 2021.
             Was a Priest of Cheibriados.
             Slain by an ogre
             ... wielding a +0 giant club
              (25 damage)
             ... on level 4 of the Dungeon.
             The game lasted 00:03:49 (2790 turns).

Delamore the Cudgeller (Gargoyle Fighter)           Turns: 2790, Time: 00:03:49

Health: -2/40      AC: 11    Str: 29    XL:     6   Next: 45%
Magic:  6/6        EV:  7    Int: 15    God:    Cheibriados [***...]
Gold:   113        SH: 10    Dex: 16    Spells: 5/5 levels left

rFire    . . .     SeeInvis .   a - +1 flail
rCold    . . .     Faith    .   c - +0 kite shield
rNeg     + . .     Spirit   .   b - +0 scale mail
rPois    ∞         Reflect  .   (no helmet)
rElec    +         Harm     .   (no cloak)
rCorr    .         Rampage  .   (no gloves)
Will     .....                  (no boots)
Stlth    ..........             (no amulet)
HPRegen  0.13/turn              (no ring)
MPRegen  0.10/turn              (no ring)

@: very slow
A: sickness immunity, AC +4, negative energy resistance 1, electricity
resistance, torment resistance 1, petrification resistance
a: Renounce Religion, Bend Time, Temporal Distortion


You were on level 4 of the Dungeon.
You worshipped Cheibriados.
Cheibriados was most pleased with you.
You visited 1 branch of the dungeon, and saw 4 of its levels.

You collected 113 gold pieces.

Inventory:

Hand Weapons
 a - a +1 flail (weapon)
Armour
 b - a +0 scale mail (worn)
 c - a +0 kite shield (worn)
Wands
 j - a wand of flame (23)
 o - a wand of polymorph (10)
Scrolls
 e - a scroll of enchant weapon
 f - a scroll of silence {unknown}
 g - 2 scrolls of identify
 k - a scroll of teleportation {unknown}
 p - a scroll of enchant armour {unknown}
 q - 2 scrolls of amnesia {unknown}
Potions
 d - a potion of might
 h - a potion of attraction
 i - 2 potions of heal wounds
 l - a potion of lignification {unknown}
 m - a potion of curing {unknown}
 n - a potion of berserk rage {unknown}


   Skills:
 - Level 5.0 Fighting
 * Level 5.6 Maces & Flails
 - Level 3.2 Armour
 - Level 3.2 Shields


You had 5 spell levels left.
You didn't know any spells.
Your spell library contained the following spells:

 Spells                   Type           Power      Damage    Failure   Level
 Corona                   Hex            0%         N/A       95%         1
 Summon Small Mammal      Summ           0%         N/A       95%         1
 Call Imp                 Summ           0%         N/A       98%         2
 Ensorcelled Hibernation  Hex/Ice        0%         N/A       98%         2
 Call Canine Familiar     Summ           0%         N/A       100%        3
 Confusing Touch          Hex            0%         N/A       100%        3
 Dazzling Flash           Conj/Hex       0%         N/A       100%        3
 Summon Guardian Golem    Hex/Summ       0%         N/A       100%        3
 Tukima's Dance           Hex            0%         N/A       100%        3
 Summon Ice Beast         Ice/Summ       0%         N/A       100%        4
 Summon Lightning Spire   Summ/Air       0%         N/A       100%        4


Dungeon Overview and Level Annotations

Branches:
Dungeon (4/15)
 Temple: D:4-7

Altars:
Cheibriados


Innate Abilities, Weirdness & Mutations

You are immune to sickness and miasma.
Your stone body is resilient. (AC +4)
You are immune to poison.
You resist negative energy. (rN+)
You are resistant to electric shocks. (rElec)
You are resistant to unholy torment.
You are immune to petrification.


Message History

The scorpion stings you but does no damage.
You hit the scorpion.
The scorpion is severely wounded.
You block the scorpion's attack. The scorpion barely misses you.
You sock the scorpion!
You kill the scorpion!
Cheibriados appreciates the change of pace.
No target in view!
No target in view!
No target in view!
No target in view!
No target in view!
No target in view!
No target in view!
No target in view!
No target in view!
No target in view!
Magic restored.
You see here a scorpion corpse.
q - 2 scrolls labelled MISOFU WYIMYI (gained 1)
Found a pair of gloves.
A hobgoblin comes into view.
The hobgoblin shouts!
An adder comes into view.
An ogre comes into view. It is wielding a +0 giant club.
Found a stone staircase leading down.
There are monsters nearby!
The ogre shouts!
The adder hisses angrily.
You block the hobgoblin's attack. You block the hobgoblin's attack.
The adder bites you but does no damage. You block the adder's attack.
The hobgoblin hits you. The adder closely misses you.
The adder barely misses you. The hobgoblin closely misses you.
The adder closely misses you. You block the adder's attack.
You block the hobgoblin's attack. The ogre hits you with a +0 giant club!
You block the adder's attack. You block the adder's attack.
The ogre hits you with a +0 giant club!!
Ouch! That really hurt!
You die...

...............>.)#.##
####+##)##.......†'.#
#......#.......†#.#
####......+........#.#
#...####..#........#.#
#≈≈≈≈≈≈#..#........#.#
##...####..#........#[#
#..........##+###+###.#
##....†@#### ...
#....OS######
##....g.....# .
#..........# ..
#..........# ...
#..........#
....##..........#
##[.............#
#....$..........#


You could see an ogre, an adder and a hobgoblin.

Vanquished Creatures
  A bullfrog (D:3)
  2 scorpions (D:4)
  3 gnolls (D:3)
  5 adders
  A worm (D:2)
  2 orcs (D:3)
  8 ball pythons
  2 endoplasms
  3 giant cockroaches
  5 hobgoblins
  15 jackals
  5 kobolds
  A quokka (D:2)
  5 bats
  5 frilled lizards
  A goblin (D:4)
  A rat (D:1)
65 creatures vanquished.

Notes
Turn   | Place    | Note
-------+----------+-------------------------------------------
     0 | D:1      | Delamore the Gargoyle Fighter began the quest for the Orb.
     0 | D:1      | Reached XP level 1. HP: 14/14 MP: 1/1
   294 | D:1      | Reached XP level 2. HP: 19/19 MP: 2/2
   660 | D:2      | Found a faded altar of an unknown god.
   679 | D:2      | Became a worshipper of Cheibriados the Contemplative
   679 | D:2      | Reached * piety under Cheibriados
   733 | D:2      | Reached XP level 3. HP: 24/24 MP: 3/3
  1134 | D:2      | Reached ** piety under Cheibriados
  1549 | D:3      | Noticed a bullfrog
  1560 | D:3      | Killed a bullfrog
  1561 | D:3      | Reached XP level 4. HP: 15/30 MP: 4/4
  1561 | D:3      | Reached XP level 5. HP: 17/34 MP: 5/5
  2382 | D:3      | Reached *** piety under Cheibriados
  2585 | D:4      | Reached skill level 5 in Fighting
  2585 | D:4      | Reached skill level 5 in Maces & Flails
  2585 | D:4      | Reached XP level 6. HP: 21/40 MP: 6/6
  2790 | D:4      | Slain by an ogre

Illustrated notes

Levels and vault maps discovered:
D:1:      dpeg_arrival_castle, layout_rooms
D:2:      layout_basic, ebering_ecumenical_altar_box
D:3:      layout_rooms, grunt_decor_cap, kennysheep_generic_room_7
D:4:      layout_basic, serial_rivers, chequers_serial_rivers_micro_c,
          chequers_serial_rivers_micro_d, chequers_serial_rivers_micro_c,
          chequers_serial_rivers_micro_b, chequers_serial_rivers_micro_b

Skill      XL: |  1  2  3  4  5 |
---------------+----------------+-----
Maces & Flails | 3 4 5 |  5.6
Fighting       | 4 5 |  5.0
Armour         | |  3.2
Shields        | |  3.2

Action                   |  1- 3 |  4- 6 || total
-------------------------+-------+-------++-------
Melee: Flail             |   135 |    75 ||   210
Invok: Bend Time         |       |     1 ||     1
  Use: Scroll            |     3 |       ||     3
Armor: Scale mail        |   106 |    50 ||   156
Dodge: Dodged            |    72 |    41 ||   113
Block: Kite shield       |   110 |    64 ||   174

Table legend: (Time is in decaauts)
 A = Elapsed time spent in this place.
 B = Non-inter-level travel time spent in this place.
 C = Inter-level travel time spent in this place.
 D = Time resting spent in this place.
 E = Time spent auto-exploring this place.
 F = Levels seen in this place.
 G = Mean time per level.
                   A        B        C        D        E       F      G
               +--------+--------+--------+--------+--------+-----+--------+
         Total |   3468 |   3401 |     67 |    581 |   2286 |   4 |  867.0 |
       Dungeon |   3468 |   3401 |     67 |    581 |   2286 |   4 |  867.0 |
               +--------+--------+--------+--------+--------+-----+--------+

Top non-repeatable levels by time:
     D:3: 1344 daAuts
     D:2: 1181 daAuts
     D:1: 641 daAuts
     D:4: 300 daAuts
